 Dungeon Crawl Stone Soup version 0.22-a0-833-g8522bf8125 (webtiles) character file.

4603 Htamos the Basher (level 10, -1/104 HPs)
             Began as a Troll Monk on July 25, 2018.
             Was a Priest of Makhleb.
             Slain by a black mamba (15 damage)
             ... on level 1 of the Lair of Beasts.
             The game lasted 00:13:04 (8597 turns).

Htamos the Basher (Troll Monk)                      Turns: 8597, Time: 00:13:05

Health: -1/104     AC:  5    Str: 21    XL:     10   Next: 19%
Magic:  9/9        EV: 14    Int:  6    God:    Makhleb [***...]
Gold:   201        SH:  0    Dex: 15    Spells: 9/9 levels left

rFire    . . .     SeeInvis .   z - +2 morningstar (drain)
rCold    . . .     Gourm    +   (no shield)
rNeg     . . .     Faith    .   b - +0 robe
rPois    .         Spirit   .   (helmet restricted)
rElec    .         Reflect  .   (no cloak)
rCorr    .         Harm     .   (gloves unavailable)
MR       .....                  (boots unavailable)
Stlth    ++........             (no amulet)
HPRegen  0.67/turn              (no ring)
MPRegen  0.11/turn              (no ring)

@: drained
A: large, unfitting armour, claws 3, fast metabolism 3, gourmand, regeneration
1, shaggy fur 1, tough skin 2
a: Minor Destruction, Lesser Servant of Makhleb, Renounce Religion


You were on level 1 of the Lair of Beasts.
You worshipped Makhleb.
Makhleb was most pleased with you.
You were very full.

You visited 2 branches of the dungeon, and saw 10 of its levels.

You collected 404 gold pieces.
You spent 203 gold pieces at shops.

Inventory:

Hand Weapons
 a - a +0 mace
 d - a +2 whip of electrocution
 f - a +1 glaive of freezing
 o - a +0 flail
 r - a +0 giant spiked club
 y - a +2 whip of flaming
 z - a +2 morningstar of draining (weapon)
 A - a +3 morningstar of freezing
Armour
 b - a +0 robe (worn)
Jewellery
 u - an uncursed ring of see invisible {unknown}
 C - an uncursed ring of protection from fire {unknown}
 H - a cursed amulet of inaccuracy {unknown}
Wands
 D - a wand of polymorph (15)
Scrolls
 e - 7 scrolls of identify
 g - a scroll of enchant armour {unknown}
 h - a scroll of fear {unknown}
 j - a scroll of random uselessness
 k - 3 scrolls of amnesia
 m - 4 scrolls of teleportation
 q - 3 scrolls of magic mapping {unknown}
 w - 2 scrolls of remove curse {unknown}
 F - a scroll of enchant weapon {unknown}
 G - a scroll of blinking {unknown}
Potions
 i - 2 potions of lignification {unknown}
 l - a potion of invisibility {unknown}
 n - 2 potions of curing
 p - a potion of berserk rage {unknown}
 s - a potion of brilliance {unknown}
 v - 2 potions of agility {unknown}
 x - 2 potions of heal wounds {unknown}
 B - a potion of mutation {unknown}
 E - a potion of flight
 I - a potion of degeneration {unknown}
Comestibles
 c - 24 rations
 J - 3 chunks of flesh


   Skills:
 + Level 7.6(7.1) Fighting
 + Level 8.4(7.9) Maces & Flails
 + Level 7.6(7.1) Dodging
 - Level 1.1(0.7) Stealth


You had 9 spell levels left.
You didn't know any spells.
Your spell library contained the following spells:

 Spells                   Type           Power        Failure   Level  Hunger
 Confuse                  Hex            #.......     83%         3    ####...
 Confusing Touch          Hex            #.....       45%         1    ##.....
 Metabolic Englaciation   Hex/Ice        #.........   100%        5    ######.
 Petrify                  Tmut/Erth      #.......     99%         4    #####..
 Gell's Gravitas          Tloc           #.........   83%         3    ####...
 Yara's Violent Unravell  Hex/Tmut       #.........   100%        5    ######.


Dungeon Overview and Level Annotations

Branches:
Dungeon (9/15)             Temple (0/1) D:6            Lair (1/6) D:9
    Orc: D:9-12

Altars:
Ashenzari
Elyvilon
Fedhas
Gozag
Hepliaklqana
Kikubaaqudgha
Makhleb
Nemelex Xobeh
Qazlal
Trog
Uskayaw
Wu Jian
Yredelemnul
Zin

Shops:
D:6 %(:   D:8 =?=

Annotations:
Lair:1 exclusion: oklob plant


Innate Abilities, Weirdness & Mutations

You are too large for most types of armour.
You have claws for hands.
Your metabolism is lightning-fast.
You like to eat raw meat.
Your natural rate of healing is unusually fast.
You are covered in fur. (AC +1)
You have very tough skin. (AC +2)


Message History

You kill the bullfrog!
Makhleb accepts your kill.
You feel better. The black mamba bites you!
* * * LOW HITPOINT WARNING * * *
You hit the black mamba.
The black mamba is lightly wounded.
The black mamba bites you.
* * * LOW HITPOINT WARNING * * *
The black mamba barely misses you.
You barely miss the black mamba.
The black mamba is lightly wounded.
The black mamba closely misses you. The black mamba bites you!
* * * LOW HITPOINT WARNING * * *
You miss the black mamba.
The black mamba is lightly wounded.
The black mamba misses you. x2
You barely miss the black mamba.
The black mamba is lightly wounded.
The black mamba closely misses you. The black mamba bites you!
You die...

...###...........#
.................#
.................##.
...................#+
###.............##...
}.P............##...8
P.P...........##.....
..P.......[..##..8..>
###.......)<@#.......
#....##..)#S.....(8
#.... #.##.........
#.### ####..8......
## .....#...8
#..........
#......#... #..#.#.#
.. ##...#.#


You could see a black mamba.

Vanquished Creatures
  Psyche (D:8)
  Joseph (D:7)
  A hungry ghost (D:9)
  Menkaure (D:7)
  A warg (Lair:1)
  3 orc warriors
  A sky beast (D:9)
  An ice beast (D:6)
  2 phantoms
  A black bear (D:9)
  An eye of draining (D:9)
  2 centaurs
  6 ogres
  A crocodile (Lair:1)
  Blork the orc (D:4)
  4 bullfrogs
  A water moccasin zombie (D:5)
  4 scorpions
  2 killer bees
  A howler monkey (D:4)
  5 wights
  2 crimson imps
  A jelly (D:6)
  2 centaur skeletons
  A hound (D:5)
  7 orc priests
  4 orc wizards
  A bullfrog skeleton (D:6)
  2 iguanas (D:6)
  Ijyb (D:4)
  11 worker ants
  Robin (D:4)
  8 adders
  7 gnolls
  4 worms
  13 dart slugs
  5 leopard geckos
  27 orcs
  A ball python (D:2)
  15 goblins
  10 hobgoblins
  15 jackals
  4 quokkas
  3 bats (D:1)
  4 frilled lizards
  10 kobolds
  5 rats
205 creatures vanquished.

Notes
Turn   | Place    | Note
-------+----------+-------------------------------------------
     0 | D:1      | Htamos the Troll Monk began the quest for the Orb.
     0 | D:1      | Reached XP level 1. HP: 22/22 MP: 0/0
   150 | D:1      | Reached XP level 2. HP: 29/29 MP: 1/1
   689 | D:1      | Reached skill level 3 in Maces & Flails
   761 | D:2      | Found a hide-covered altar of Uskayaw.
   839 | D:2      | Reached XP level 3. HP: 36/36 MP: 2/2
  1291 | D:2      | Reached XP level 4. HP: 35/45 MP: 3/3
  1613 | D:3      | Reached XP level 5. HP: 33/53 MP: 4/4
  1688 | D:3      | Found a white marble altar of Elyvilon.
  1870 | D:3      | Reached skill level 4 in Maces & Flails
  2166 | D:3      | Found a basalt altar of Yredelemnul.
  2267 | D:4      | Found a glowing silver altar of Zin.
  2267 | D:4      | Found a burning altar of Makhleb.
  2268 | D:4      | Noticed a balrug
  2268 | D:4      | Noticed an angel
  2367 | D:4      | Noticed Robin
  2374 | D:4      | Noticed a phantom
  2384 | D:4      | Killed Robin
  2426 | D:4      | Killed a phantom
  2426 | D:4      | Reached XP level 6. HP: 47/62 MP: 5/5
  2426 | D:4      | Noticed Blork the orc
  2476 | D:4      | HP: 3/62 [something (2)]
  2648 | D:4      | Killed Blork the orc
  2757 | D:4      | Reached XP level 7. HP: 69/70 MP: 6/6
  2906 | D:4      | Found a sparkling altar of Nemelex Xobeh.
  2906 | D:4      | Found an opulent altar of Gozag.
  3109 | D:4      | Noticed Ijyb
  3120 | D:4      | Killed Ijyb
  3120 | D:4      | Reached skill level 5 in Maces & Flails
  3743 | D:4      | Became a worshipper of Makhleb the Destroyer
  3743 | D:4      | Reached * piety under Makhleb
  3743 | D:4      | Reached ** piety under Makhleb
  3786 | D:5      | Entered Level 5 of the Dungeon
  4231 | D:5      | Reached skill level 5 in Fighting
  4231 | D:5      | Reached skill level 5 in Dodging
  4234 | D:5      | Reached XP level 8. HP: 80/80 MP: 7/7
  4236 | D:5      | Found an ancient bone altar of Kikubaaqudgha.
  4238 | D:5      | Found a shattered altar of Ashenzari.
  4640 | D:5      | Found a stormy altar of Qazlal.
  4772 | D:6      | Found a blossoming altar of Fedhas.
  4804 | D:6      | Found a staircase to the Ecumenical Temple.
  4922 | D:6      | Reached skill level 6 in Maces & Flails
  5046 | D:6      | Found Tola Kugg's Book Shop.
  5068 | D:6      | Found Cutaum's Food Shop.
  5303 | D:6      | Found Ucruumow's Antique Weapon Boutique.
  5330 | D:6      | Bought a glowing morningstar for 203 gold pieces
  5755 | D:7      | Noticed Menkaure
  5761 | D:7      | Killed Menkaure
  5761 | D:7      | Reached XP level 9. HP: 69/89 MP: 8/8
  6093 | D:7      | Found a shattered altar of Ashenzari.
  6141 | D:7      | Noticed Joseph
  6452 | D:7      | Killed Joseph
  6452 | D:7      | Reached *** piety under Makhleb
  6452 | D:7      | Reached skill level 7 in Maces & Flails
  7162 | D:8      | Found a bloodstained altar of Trog.
  7233 | D:8      | Noticed Psyche
  7241 | D:8      | Found Bioraal's Jewellery Emporium.
  7278 | D:8      | Killed Psyche
  7428 | D:8      | Found Emuamp's Magic Scroll Shop.
  7517 | D:8      | Found an ornate altar of the Wu Jian Council.
  7526 | D:8      | Reached skill level 8 in Maces & Flails
  7656 | D:8      | Found Udghey Idyosi's Jewellery Shop.
  7688 | D:8      | Found Emuamp's Magic Scroll Shop.
  7698 | D:8      | Found Bioraal's Jewellery Emporium.
  7701 | D:8      | Found a bloodstained altar of Trog.
  7729 | D:8      | Found an ornate altar of the Wu Jian Council.
  7883 | D:8      | Found an ornate altar of the Wu Jian Council.
  7911 | D:8      | Found a bloodstained altar of Trog.
  7926 | D:8      | Found Bioraal's Jewellery Emporium.
  7932 | D:8      | Found Emuamp's Magic Scroll Shop.
  8052 | D:8      | Found Udghey Idyosi's Jewellery Shop.
  8163 | D:9      | Reached XP level 10. HP: 102/102 MP: 0/9
  8249 | D:9      | Found a hazy altar of Hepliaklqana.
  8415 | D:9      | Found a staircase to the Lair.
  8440 | Lair:1   | Entered Level 1 of the Lair of Beasts
  8447 | Lair:1   | Noticed an oklob plant
  8571 | Lair:1   | Noticed a black mamba
  8597 | Lair:1   | Slain by a black mamba

Vault maps used:
D:1:      dpeg_arrival_erosion
D:2:      minmay_diamond_boxcup, nicolae_overflow_crystal_walls, first_ration
D:3:      kennysheep_slugbush, lemuel_coloured_pillars_altar,
          lemuel_round_altar, minmay_misc_feat_iff, bh_chokoban,
          hangedman_decor_push
D:4:      grunt_temple_overflow_order_and_chaos_2,
          grunt_temple_overflow_opulence, uniq_blork_the_orc, uniq_ijyb,
          uniq_robin
D:5:      overflow_temple_1_default, chequers_temple_overflow_statue_of_worship,
          grunt_decor_mini_mirrors
D:6:      fedhas_altar_4, minmay_temple_entry_water_ring, serial_shops, shop,
          shop, shop_fountains
D:7:      grunt_ogre_cave, evilmike_ruin_ashenzari, uniq_menkaure, uniq_joseph
D:8:      kennysheep_mini_moat, serial_shops, shop, nicolae_shop_statue_plus,
          shop, basic_altar, uniq_psyche
D:9:      marbit_many_paths, gammafunk_temple_overflow_forgotten,
          erik_lair_orcish_takeover
Lair:1:   hibernation_bobbens, grunt_megastairs_3, minmay_lair_oklob_chamber,
          serial_bayou_shore_b, lemuel_fruit_tree

Skill      XL: |  1  2  3  4  5  6  7  8  9 |
---------------+----------------------------+-----
Maces & Flails | 3 4 5 6 8 |  8.4
Fighting       | 3 4 5 6 7 |  7.6
Dodging        | 3 4 5 6 7 |  7.6
Stealth        | |  1.1

Action                   |  1- 3 |  4- 6 |  7- 9 | 10-12 || total
-------------------------+-------+-------+-------+-------++-------
Melee: Whip              |    93 |   186 |    89 |       ||   368
       Glaive            |       |    14 |       |       ||    14
       Giant spiked club |       |       |    75 |       ||    75
       Morningstar       |       |       |   153 |    80 ||   233
Evoke: Wand              |       |       |       |     1 ||     1
  Use: Potion            |       |     2 |       |     4 ||     6
       Scroll            |       |       |       |     3 ||     3
 Stab: Sleeping          |     8 |       |     3 |       ||    11
  Eat: Chunk             |    17 |    10 |    44 |     9 ||    80
       Ration            |       |       |     2 |       ||     2
Armor: Robe              |    36 |    66 |    65 |    29 ||   196
Dodge: Dodged            |    46 |   131 |   184 |    88 ||   449

Table legend:
 A = Spawn XP
 B = Non-spawn XP
 C = Spawn XP percentage of total XP
 D = Spawn monster count
 E = Non-spawn monster count
 F = Spawn count percentage of total count
 G = Total turns spent on level
                    A         B        C        D         E        F      G
               +---------+---------+-------+---------+---------+-------+---------
         Total |       0 |    6576 |   0.0 |       0 |     204 |   0.0 |  8597
               +---------+---------+-------+---------+---------+-------+---------
           D:1 |       0 |      28 |   0.0 |       0 |      16 |   0.0 |   747
           D:2 |       0 |      90 |   0.0 |       0 |      25 |   0.0 |   633
           D:3 |       0 |     234 |   0.0 |       0 |      39 |   0.0 |   977
           D:4 |       0 |     666 |   0.0 |       0 |      25 |   0.0 |  1429
           D:5 |       0 |     528 |   0.0 |       0 |      19 |   0.0 |   924
           D:6 |       0 |    1160 |   0.0 |       0 |      26 |   0.0 |  1100
           D:7 |       0 |     948 |   0.0 |       0 |       8 |   0.0 |  1345
           D:8 |       0 |    1508 |   0.0 |       0 |      24 |   0.0 |   946
           D:9 |       0 |     940 |   0.0 |       0 |      14 |   0.0 |   341
        Lair:1 |       0 |     474 |   0.0 |       0 |       8 |   0.0 |   155
               +---------+---------+-------+---------+---------+-------+---------
